 Dungeon Crawl Stone Soup version 0.20.1-1-g8b1a95d66d (webtiles) character file.

77 Popi the Slasher (level 4, -1/35 HPs)
             Began as a Human Fighter on Dec 27, 2017.
             Was an Initiate of the Shining One.
             Slain by a gnoll
             ... wielding a +0 halberd
              (7 damage)
             ... on level 2 of the Dungeon.
             The game lasted 00:02:18 (1554 turns).

Popi the Slasher (Human Fighter)                    Turns: 1554, Time: 00:02:19

Health: -1/35      AC:  6    Str: 18    XL:     4   Next: 60%
Magic:  4/4        EV:  9    Int:  8    God:    the Shining One [......]
Gold:   76         SH:  0    Dex: 12    Spells: 3/3 levels left

rFire    . . .     SeeInvis .   a - +0 long sword
rCold    . . .     Gourm    .   (no shield)
rNeg     . . .     Faith    .   b - +0 scale mail
rPois    .         Spirit   .   (no helmet)
rElec    .         Reflect  .   (no cloak)
rCorr    .         Harm     .   (no gloves)
MR       .....                  (no boots)
Stlth    ..........             (no amulet)
Regen    0.2/turn               (no ring)
MPRegen  0.1/turn               (no ring)

@: glowing
A: no striking features
a: Renounce Religion


You were on level 2 of the Dungeon.
You worshipped the Shining One.
The Shining One was noncommittal.
You were very hungry.

You visited 1 branch of the dungeon, and saw 2 of its levels.

You collected 76 gold pieces.

Inventory:

Hand Weapons
 a - a +0 long sword (weapon)
Armour
 b - a +0 scale mail (worn)
Jewellery
 e - a cursed ring of teleportation {unknown}
Scrolls
 c - a scroll of remove curse {unknown}
 g - 2 scrolls of identify
 l - 3 scrolls of teleportation {unknown}
Potions
 m - 2 potions of berserk rage
Comestibles
 f - 2 bread rations
 i - a meat ration


   Skills:
 - Level 3.0 Fighting
 + Level 4.4 Long Blades
 - Level 3.0 Armour
   Level 3.0 Shields


You had 3 spell levels left.
You didn't know any spells.

Dungeon Overview and Level Annotations

Branches:
Dungeon (2/15)

Altars:
The Shining One


Message History

You are feeling very hungry.
The gnoll hits you from afar with a halberd.
The gnoll hits you with a halberd!
You closely miss the gnoll. The gnoll barely misses you.
You riposte.
You barely miss the gnoll. You slash the gnoll!
The gnoll is heavily wounded.
The gnoll hits you with a halberd.
You closely miss the gnoll.
The gnoll is heavily wounded.
The gnoll hits you from afar with a spear.
The gnoll hits you with a halberd.
* * * LOW HITPOINT WARNING * * *
Your scale mail prevents you from hitting the gnoll.
The gnoll is heavily wounded.
The gnoll closely misses you. The gnoll barely misses you.
The gnoll hits you from afar with a spear.
* * * LOW HITPOINT WARNING * * *
The gnoll hits you from afar with a halberd!
You die...

#.####..##.###.#
#.......##.....#
######.######### #.# #g# #g# #g#
######.# ######### #...##@#
##########
#.......###...##.###........#
#.#.###.#.........##.######.#
#.#.# #..................##.#
#.#.###.#...รท.....##.###.##.###
#.......###...##.###.# #......#
#####.### #...##.# #.# ####.#.##
#.# ######)# #.# #.#..# #.#
##'###.######.##.#


You could see 3 gnolls.

Vanquished Creatures
  Jessica (D:2)
  An adder (D:2)
  2 dart slugs
  A leopard gecko (D:1)
  A ball python (D:2)
  6 giant cockroaches (D:1)
  4 goblins
  5 hobgoblins
  4 kobolds
  A quokka (D:1)
  2 bats (D:1)
  A frilled lizard (D:2)
  5 rats (D:1)
34 creatures vanquished.

Notes
Turn   | Place    | Note
-------+----------+-------------------------------------------
     0 | D:1      | Popi the Human Fighter began the quest for the Orb.
     0 | D:1      | Reached XP level 1. HP: 18/18 MP: 1/1
    89 | D:1      | Reached XP level 2. HP: 10/24 MP: 2/2
   312 | D:1      | Reached skill level 3 in Long Blades
   442 | D:1      | Reached XP level 3. HP: 26/29 MP: 3/3
   693 | D:2      | Found a glowing golden altar of the Shining One.
   754 | D:2      | Became a worshipper of the Shining One
   875 | D:2      | Noticed Jessica
   894 | D:2      | HP: 1/29 [Jessica/nerve-wracking pain (14)]
   897 | D:2      | Killed Jessica
   897 | D:2      | Reached skill level 4 in Long Blades
   897 | D:2      | Reached XP level 4. HP: 1/35 MP: 4/4
  1554 | D:2      | Slain by a gnoll

Skill      XL: |  1  2  3 |
---------------+----------+-----
Long Blades    | 3 4 |  4.4
Fighting       | |  3.0
Armour         | |  3.0
Shields        | |  3.0

Action                   |  1- 3 |  4- 6 || total
-------------------------+-------+-------++-------
Melee: Long sword        |    68 |    28 ||    96
  Use: Potion            |     2 |     5 ||     7
       Scroll            |       |     1 ||     1
  Eat: Chunk             |       |     1 ||     1
Armor: Scale mail        |    44 |    10 ||    54
Dodge: Dodged            |    44 |    15 ||    59
       Rpst.: Long sword |    16 |     4 ||    20
